 Dungeon Crawl Stone Soup version 0.31-a0-702-gf82c85558f (webtiles) character file.

Game seed: 13579222517192413592

345 qw the Shooter (level 6, -1/38 HPs)
             Began as a Gargoyle Hunter on Sept 8, 2023.
             Killed by divine providence
             ... invoked by an orc priest
              (16 damage)
             ... on level 4 of the Dungeon.
             The game lasted 00:01:09 (2138 turns).

qw the Shooter (Gargoyle Hunter)                    Turns: 2138, Time: 00:01:10

Health: -1/38      AC:  9    Str: 15    XL:     6   Next: 58%
Magic:  6/6        EV: 11    Int:  9    God:
Gold:   104        SH:  0    Dex: 15    Spells: 5/5 levels left

rFire   . . .        Y - +0 shortbow
rCold   . . .        (shield currently unavailable)
rNeg    + . .        h - +0 ring mail
rPois   inf          (no helmet)
rElec   +            (no cloak)
rCorr   .            (no gloves)
SInv    +            (no boots)
Will    .....        (no amulet)
Stlth   +            i - ring of see invisible
HPRegen 0.26/turn    (no ring)
MPRegen 0.10/turn

%: no passive effects
@: no status effects
A: sickness immunity, AC +4, negative energy resistance 1, electricity
resistance, torment resistance 1, petrification resistance
a: no special abilities


You were on level 4 of the Dungeon.
You visited 1 branch of the dungeon, and saw 4 of its levels.

You collected 160 gold pieces.
You spent 56 gold pieces at shops.


Innate Abilities, Weirdness & Mutations

You are immune to sickness and miasma.
Your stone body is resilient. (AC +4)
You are immune to poison.
You resist negative energy. (rN+)
You are resistant to electric shocks. (rElec)
You are resistant to unholy torment.
You are immune to petrification.


   Skills:
 + Level 3.9 Fighting
 - Level 6.9 Ranged Weapons
 - Level 1.2 Armour
 - Level 1.5 Dodging
 - Level 1.1 Stealth


You had 5 spell levels left.
You didn't know any spells.
Your spell library was empty.

Inventory:

Hand Weapons
 Y - a +0 shortbow (weapon)
Armour
 h - a +0 ring mail (worn)
Jewellery
 i - a ring of see invisible (left hand)
Scrolls
 o - a scroll of teleportation
Potions
 b - a potion of curing {unknown}
 e - a potion of resistance
 f - a potion of heal wounds
 g - a potion of degeneration {unknown}
 j - a potion of mutation {unknown}
 l - a potion of haste {unknown}

Dungeon Overview and Level Annotations

Branches:
Dungeon (4/15)
 Temple: D:4-7

Altars:
Cheibriados
Ru

Shops:
D:1 *   D:3 *


Message History

The orc priest hits you with a +0 flail.
You shoot an arrow. The arrow barely misses the orc priest.
The orc priest barely misses you.
You shoot an arrow.
The arrow hits the orc priest but does no damage.
The orc priest is lightly wounded.
The orc priest barely misses you.
The orc priest calls down the wrath of Beogh upon you.
You barely resist. You shoot an arrow. The arrow hits the orc priest.
The orc priest is moderately wounded.
The orc priest closely misses you.
You shoot an arrow.
The arrow closely misses the orc priest.
The orc priest barely misses you.
You shoot an arrow.
The arrow hits the orc priest but does no damage.
The orc priest is moderately wounded.
The orc priest barely misses you.
You shoot an arrow.
The arrow hits the orc priest but does no damage.
The orc priest is moderately wounded.
The orc priest invokes the aid of Beogh against you.
Pain shoots through your body!
You shoot an arrow. The arrow barely misses the orc priest.
The orc priest hits you but does no damage.
You shoot an arrow.
The arrow closely misses the orc priest.
The orc priest barely misses you.
The orc priest invokes the aid of Beogh against you.
Beogh smites you!
You shoot an arrow.
The arrow hits the orc priest but does no damage.
The orc priest is moderately wounded.
The orc priest hits you with a +0 flail.
You shoot an arrow.
The arrow closely misses the orc priest.
The orc priest invokes the aid of Beogh against you.
Beogh smites you!
You die...

#.##.# #.# #.##.# ##.##
#.##.####(..###
####.##...>....).## #
.........###......###.#
####.###.# ##.........#
####.# .>#
#.#.).##.....#
..##.#.... ...##o##
.).#.#
#.##.##..####.##@#
..... #.##...... ..##.#
o##.## #)#####...
####.# .# .# #.# ##..
#.# .# # #.# #.# o# #.#
..# #.# ### ..# ###


You could see an orc priest.

Vanquished Creatures
  Sigmund (D:3)
  An orc wizard (D:4)
  3 gnolls (D:3)
  2 adders
  2 worms (D:4)
  3 dart slugs
  2 orcs (D:4)
  4 ball pythons
  4 bats
  8 endoplasms
  9 giant cockroaches
  2 goblins
  7 hobgoblins
  8 jackals (D:2)
  6 quokkas
  4 frilled lizards
  5 kobolds
  4 rats
75 creatures vanquished.

Vanquished Creatures (others)
  An orc wizard (D:4)
1 creature vanquished.

Grand Total: 76 creatures vanquished

Notes
Turn   | Place    | Note
-------+----------+-------------------------------------------
     0 | D:1      | qw the Gargoyle Hunter began the quest for the Orb.
     0 | D:1      | Reached XP level 1. HP: 12/12 MP: 1/1
     0 | D:1      | 0 ||| qw: Version: 0.3-a-76-g4403597
     0 | D:1      | 0 ||| qw: Game counter: 993
     0 | D:1      | 0 ||| qw: Melee chars always use a shield: true
     0 | D:1      | 0 ||| qw: God list: Okawaru
     0 | D:1      | 0 ||| qw: Allow faded altars: false
     0 | D:1      | 0 ||| qw: Do Orc after clearing Dungeon:15 true
     0 | D:1      | 0 ||| qw: Do second Lair branch before Depths: true
     0 | D:1      | 0 ||| qw: Lair rune preference: random
     0 | D:1      | 0 ||| qw: Goals: Normal
     0 | D:1      | 0 ||| PLANNING D:1-11
   102 | D:1      | Reached XP level 2. HP: 11/17 MP: 2/2
   214 | D:1      | Found Dadidgh's Assorted Antiques.
   236 | D:1      | 236 ||| SHOPLISTING 3 scrolls labelled OHOCIA NAULE (69
                  | gold, have 29).
   236 | D:1      | 236 ||| SHOPLISTING crooked ivory wand (92 gold, have 29).
   236 | D:1      | 236 ||| BUYING inky potion (20 gold).
   236 | D:1      | Bought an inky potion for 20 gold pieces
   236 | D:1      | 236 ||| SHOPLISTING pair of embroidered gloves (172 gold,
                  | have 9).
   236 | D:1      | 236 ||| SHOPLISTING scroll labelled BOILAM ZYSIDUCH (23
                  | gold, have 9).
   236 | D:1      | 236 ||| SHOPLISTING scroll labelled OHOCIA NAULE (23 gold,
                  | have 9).
   236 | D:1      | 236 ||| SHOPLISTING short iron wand (92 gold, have 9).
   275 | D:1      | Found a faded altar of an unknown god.
   419 | D:1      | Reached XP level 3. HP: 20/21 MP: 3/3
   501 | D:1      | 501 ||| UPGRADING to ring of see invisible.
   502 | D:1      | 502 ||| READING scroll labelled LYRPHE BILEDA.
   503 | D:1      | 503 ||| READING scroll labelled COC MARPHONAEN.
   504 | D:1      | 504 ||| DRINKING 2 inky potions.
   505 | D:1      | 505 ||| DROPPING scroll of butterflies.
   537 | D:2      | Reached skill level 5 in Ranged Weapons
   683 | D:2      | Reached skill level 3 in Fighting
   797 | D:2      | Reached XP level 4. HP: 28/28 MP: 4/4
  1226 | D:2      | 1226 ||| UPGRADING to +0 ring mail.
  1236 | D:2      | 1236 ||| DROPPING +0 leather armour.
  1237 | D:2      | 1237 ||| READING scroll labelled EBUAMN UGHIFUJ.
  1238 | D:2      | 1238 ||| READING scroll labelled JOSITOCREPE.
  1314 | D:3      | Reached skill level 1 in Armour
  1356 | D:3      | Noticed Sigmund
  1374 | D:3      | Killed Sigmund
  1375 | D:3      | Reached skill level 6 in Ranged Weapons
  1375 | D:3      | Reached XP level 5. HP: 14/32 MP: 5/5
  1375 | D:3      | Reached XP level 6. HP: 17/37 MP: 6/6
  1605 | D:3      | Found a snail-covered altar of Cheibriados.
  1739 | D:3      | Found Sirphah's General Store.
  1749 | D:3      | 1749 ||| BUYING scroll of teleportation (36 gold).
  1749 | D:3      | Bought a scroll of teleportation for 36 gold pieces
  1835 | D:3      | 1835 ||| DROPPING ring of wizardry.
  1836 | D:3      | 1836 ||| READING scroll labelled ZELOSU WINEBE.
  1837 | D:3      | 1837 ||| READING scroll labelled XIDELE RYPRUTAM.
  1938 | D:3      | 1938 ||| READING scroll labelled SANTYR MIVIPS.
  1939 | D:3      | 1939 ||| READING scroll labelled BOILAM ZYSIDUCH.
  1940 | D:3      | 1940 ||| DRINKING 3 orange potions.
  1941 | D:3      | 1941 ||| DRINKING 2 glowing orange potions.
  1942 | D:3      | 1942 ||| DROPPING 2 potions of invisibility.
  1977 | D:4      | Found a sacrificial altar of Ru.
  1987 | D:4      | 1987 ||| STAIRDANCE
  2099 | D:4      | 2099 ||| Stepping ~*~*~tactically~*~*~ (retreating).
  2100 | D:4      | 2100 ||| Stepping ~*~*~tactically~*~*~ (outnumbered).
  2107 | D:4      | 2107 ||| Stepping ~*~*~tactically~*~*~ (retreating).
  2108 | D:4      | 2108 ||| Stepping ~*~*~tactically~*~*~ (retreating).
  2138 | D:4      | Killed from afar by an orc priest

Levels and vault maps discovered:
D:1:      lightli_arrival_chessboard, layout_basic, serial_shops, shop,
          dreamdust_ecumenical_altar_angels_and_demons,
          minmay_misc_feat_secret_circle
D:2:      layout_basic, minmay_cupped
D:3:      layout_basic, chei_slow_surprise, serial_shops,
          nicolae_shop_tiny_statue_garden, grunt_ministairs_9, uniq_sigmund
D:4:      layout_loops_ring, grunt_qazlal_clouds,
          nicolae_ru_sacrificial_ziggurat, minmay_temple_entry_stoned_glass

Skill      XL: |  1  2  3  4 |
---------------+-------------+-----
Ranged Weapons | 5 6 |  6.9
Fighting       | 3 |  3.9
Armour         | 1 |  1.2
Dodging        | |  1.5
Stealth        | |  1.1

Action                     |  1- 3 |  4- 6 || total
---------------------------+-------+-------++-------
   Fire: Shortbow          |   125 |   148 ||   273
    Use: Scroll            |     2 |     6 ||     8
         Potion            |     1 |     2 ||     3
 Armour: Leather armour    |    41 |    14 ||    55
         Ring mail         |       |    42 ||    42
  Dodge: Dodged            |    39 |    52 ||    91

Table legend:
 A = Non-vault XP
 B = Vault XP
 C = Vault XP percentage of total XP
 D = Non-vault monster count
 E = Vault monster count
 F = Vault count percentage of total count
                 A         B        C        D         E       F
            +---------+---------+-------+---------+---------+-------
      Total |     201 |     293 |  59.3 |      67 |       9 |  11.8
            +---------+---------+-------+---------+---------+-------
        D:1 |      36 |       0 |   0.0 |      19 |       0 |   0.0
        D:2 |      53 |       6 |  10.2 |      24 |       4 |  14.3
        D:3 |      30 |     287 |  90.5 |      11 |       5 |  31.2
        D:4 |      82 |       0 |   0.0 |      13 |       0 |   0.0
            +---------+---------+-------+---------+---------+-------
